 Dungeon Crawl Stone Soup version 0.29.1-1-gd02db69 (webtiles) character file.

Game seed: 3162815375874233230

34 Timinator the Insei (level 3, -4/28 HPs)
             Began as a Demigod Transmuter on Jan 4, 2023.
             Slain by a worm (5 damage)
             ... on level 2 of the Dungeon.
             The game lasted 00:02:47 (1139 turns).

Timinator the Insei (Demigod Transmuter)            Turns: 1139, Time: 00:02:48

Health: -4/28      AC:  3    Str: 11    XL:     3   Next: 1%
Magic:  6/8        EV: 12    Int: 15    God:
Gold:   28         SH:  0    Dex: 18    Spells: 4/5 levels left

rFire   . . .      SeeInvis .     - Unarmed
rCold   . . .      Faith    .   (no shield)
rNeg    . . .      Spirit   .   a - +0 leather armour
rPois   .          Reflect  .   (helmet currently unavailable)
rElec   .          Harm     .   (no cloak)
rCorr   .          Rampage  .   (no gloves)
Will    .....                   (boots currently unavailable)
Stlth   +.........              (no amulet)
HPRegen 0.09/turn               (no ring)
MPRegen 0.11/turn               (no ring)

@: appendages (expiring)
A: horns 2, talons 2, high MP 1, forlorn, divine attributes
a: End Transformation


You were on level 2 of the Dungeon.
You had temporarily grown beastly horns and talons.
You visited 1 branch of the dungeon, and saw 2 of its levels.

You collected 28 gold pieces.

Inventory:

Armour
 a - a +0 leather armour (worn)
Scrolls
 e - a scroll of silence {unknown}
Potions
 b - a potion of lignification
 c - a potion of invisibility {unknown}
 d - 2 potions of degeneration {unknown}
 f - a potion of curing {unknown}


   Skills:
 * Level 1.2 Fighting
 * Level 0.7 Armour
 * Level 2.0 Dodging
 + Level 3.0 Unarmed Combat
 + Level 1.9 Spellcasting
 * Level 2.2 Transmutations


You had 4 spell levels left.
You knew the following spells:

 Your Spells              Type           Power      Damage    Failure   Level
a - Beastly Appendage     Tmut           16%        N/A       12%         1

Your spell library contained the following spells:

 Spells                   Type           Power      Damage    Failure   Level
 Wereblood                Tmut           8%         N/A       19%         2
 Spider Form              Tmut/Pois      4%         N/A       50%         3
 Ice Form                 Ice/Tmut       4%         N/A       88%         4


Dungeon Overview and Level Annotations

Branches:
Dungeon (2/15)


Innate Abilities, Weirdness & Mutations

You have temporarily grown beastly horns and talons.
You have an increased reservoir of magic. (+10% MP)
You shall have no god before yourself.
Your divine heritage dramatically boosts your attributes as you level up.


Message History

The worm bites you.
You hit the worm but do no damage.
The worm is moderately wounded.
You hit the worm.
The worm is heavily wounded.
The worm bites you!
* * * LOW HITPOINT WARNING * * *
You hit the worm.
The worm is severely wounded.
Casting: Beastly Appendage (safe; 12% risk of failure)
Confirm with . or Enter, or press ? or * to list all spells.
You grow a pair of large bovine horns.
Your feet morph into talons.
The worm barely misses you.
You barely miss the worm. You claw the worm, but do no damage.
The worm is severely wounded.
You hit the worm.
The worm is severely wounded.
A worm comes into view.
The worm bites you.
* * * LOW HITPOINT WARNING * * *
You hit the worm.
The worm is severely wounded.
You hit the worm.
You kill the worm!
You have reached level 3!
Your experience leads to a dramatic increase in your attributes!
Increase (S)trength, (I)ntelligence, or (D)exterity?
You feel agile. x4
You hit the worm. Your kick misses the worm.
You headbutt the worm, but do no damage.
The worm is lightly wounded.
The worm bites you.
* * * LOW HITPOINT WARNING * * *
You hit the worm. Your kick misses the worm.
The worm is moderately wounded.
Your transformation is almost over.
You hit the worm. You headbutt the worm.
The worm is heavily wounded.
The worm bites you.
You die...

..# ..# ..#
####$.#####
..........
#........>
#.######.#.......
.......<.@w..#
#.######.##..#
#.# .# #.# # ...
#.# #.# ...


You could see a worm.

Vanquished Creatures
  2 adders (D:2)
  A worm (D:2)
  2 kobolds (D:1)
  A quokka (D:1)
  2 ball pythons (D:1)
  2 bats (D:1)
  2 frilled lizards
  3 rats (D:1)
  A bush (D:1)
16 creatures vanquished.

Vanquished Creatures (others)
  2 plants (D:1)
2 creatures vanquished.

Grand Total: 18 creatures vanquished

Notes
Turn   | Place    | Note
-------+----------+-------------------------------------------
     0 | D:1      | Timinator the Demigod Transmuter began the quest for the
                  | Orb.
     0 | D:1      | Reached XP level 1. HP: 15/15 MP: 5/5
   287 | D:1      | Reached skill level 1 in Fighting
   587 | D:1      | Reached XP level 2. HP: 19/23 MP: 5/7
  1120 | D:2      | Reached skill level 3 in Unarmed Combat
  1137 | D:2      | Reached XP level 3. HP: 7/28 MP: 6/8
  1137 | D:2      | HP: 1/28 [worm (6)]
  1139 | D:2      | Slain by a worm

Illustrated notes

Levels and vault maps discovered:
D:1:      dpeg_arrival_tiny_h, layout_basic, serial_forest,
          infiniplex_forest_lined_ring, infiniplex_forest_lined_room_3,
          infiniplex_forest_straight_2, infiniplex_forest_lined_3,
          infiniplex_forest_end_double, infiniplex_forest_straight_5,
          infiniplex_forest_clump_double, minivault_11
D:2:      layout_loops_ring, basic_altar, eino_tiny_chamber,
          serial_bayou_pond_e, uniq_robin

Skill      XL: |  1  2 |
---------------+-------+-----
Fighting       | 1 |  1.2
Unarmed Combat | 3 |  3.0
Transmutations | 2 |  2.2
Dodging        | 2 |  2.0
Armour         | |  0.7
Spellcasting   | |  1.9

Action                   || total
-------------------------++-------
Melee: Unarmed           ||   228
       Kick              ||    52
       Headbutt          ||    37
       Punch             ||    10
 Cast: Beastly Appendage ||    17
 Stab: Sleeping          ||     2
Armor: Leather armour    ||     7
Dodge: Dodged            ||    22
